[Event "Late-Titled-Tuesday-Blitz-February-27-2024"]
[Site "Chess.com"]
[Date "2024.02.27"]
[Round "11"]
[White "xakevicius91"]
[Black "picturesquecheck"]
[Result "1-0"]
[WhiteElo "2575"]
[BlackElo "2428"]
[TimeControl "180+1"]
[EndTime "16:04:45 PST"]
[Termination "xakevicius91 won by resignation"]

1. e4 c5 2. Nf3 d6 3. d4 cxd4 4. Nxd4 Nf6 5. Nc3 a6 6. f3 e5 7. Nb3 Be7 8. Be3 Be6 9. Qd2 h5 10. Nd5 Bxd5 11. exd5 Nbd7 12. Be2 Nb6 13. c4 Rc8 14. Na5 Qc7 15. b4 O-O 16. O-O Bd8 17.
Rac1 Qe7 18. Rfd1 Na8 19. Nb3 Bb6 20. c5 Ba7 21. c6 Bxe3+ 22. Qxe3 b5 23. Na5 Nc7 24.
a4 Ncxd5 25. Qd2 bxa4 26. Bxa6 Rb8 27. b5 a3 28. Bb7 Qc7 29. Nc4 Rxb7 30. cxb7 Qxb7 31.
Nxa3 Qa7+ 32. Kh1 Qxa3 33. Ra1 Qc5 34. Rab1 Rb8 35. Rdc1 Qb6 36. g3 Ne7 37. Kg2 d5 38.
Qb4 Qb7 39. Qd6 Nf5 40. Qxe5 Nh6 41. Rc7 Qb6 42. Rc6 Qa7 43. b6 Qa2+ 44. Rb2 Qa4 45. Qxb8+ Kh7 46. Rxf6 gxf6 47. Qf4 f5 48. Qxa4 1-0

[Event "Late-Titled-Tuesday-Blitz-February-27-2024"]
[Site "Chess.com"]
[Date "2024.02.27"]
[Round "11"]
[White "Statham_01"]
[Black "Laico"]
[Result "0-1"]
[WhiteElo "2533"]
[BlackElo "2413"]
[TimeControl "180+1"]
[EndTime "16:04:45 PST"]
[Termination "Laico won on time"]

1. Na3 e5 2. Nc4 Nc6 3. e4 f5 4. d3 Nf6 5. Bg5 Bc5 6. Nf3 fxe4 7. dxe4 Bxf2+ 8. Ke2 Bb6 9. Ncxe5 Nxe5 10. Nxe5 Qe7 11. Nf3 Qxe4+ 12. Kd2 h6 13. Bd3 Qb4+ 14. c3 Qxb2+ 15.
Bc2 hxg5 16. Re1+ Kf8 17. Qe2 Qa3 18. Bg6 Qb2+ 19. Bc2 Bc5 20. Ne5 Rxh2 21. Ng6+ Kg8 0-1

[Event "Late-Titled-Tuesday-Blitz-February-27-2024"]
[Site "Chess.com"]
[Date "2024.02.27"]
[Round "11"]
[White "Alexei_Gubajdullin"]
[Black "venturov"]
[Result "1-0"]
[WhiteElo "2664"]
[BlackElo "2471"]
[TimeControl "180+1"]
[EndTime "16:04:51 PST"]
[Termination "Alexei_Gubajdullin won by checkmate"]

1. d4 Nf6 2. Nf3 g6 3. Bf4 Bg7 4. e3 O-O 5. Be2 c5 6. O-O cxd4 7. exd4 d6 8. c3 Nc6 9. Nbd2 Bd7 10. h3 a6 11. a4 Rb8 12. Nc4 b5 13. axb5 axb5 14. Ne3 Qb6 15. d5 Na5 16. b4 Nc4 17. Bxc4 bxc4 18.
Nxc4 Qc7 19. Na5 Qxc3 20. Bd2 Qc7 21. Rc1 Qb6 22. Nc6 Nxd5 23. Nxb8 Rxb8 24. Qb3 e6 25. Ng5 Qd4 26. Rfd1 Qh4 27. Qf3 Be8 28. Ne4 f5 29. Nxd6 Ba4 30. Re1 Nxb4 31. Rxe6 Nc2 32. Qd5 Bb3 33.
Re8# 1-0

[Event "Late-Titled-Tuesday-Blitz-February-27-2024"]
[Site "Chess.com"]
[Date "2024.02.27"]
[Round "11"]
[White "shirovin"]
[Black "gxbg2000"]
[Result "0-1"]
[WhiteElo "2063"]
[BlackElo "1960"]
[TimeControl "180+1"]
[EndTime "16:04:56 PST"]
[Termination "gxbg2000 won on time"]

1. e4 g6 2. d4 Bg7 3. Nc3 c5 4. d5 d6 5. Nf3 Nf6 6. Bb5+ Bd7 7. a4 a6 8. Be2 O-O 9. h3 Re8 10. O-O Qc7 11. Bf4 e5 12. dxe6 Rxe6 13. Bc4 Nxe4 14.
Bxe6 Nxc3 15. Bxf7+ Kxf7 16. bxc3 Bxc3 17. Qd5+ Be6 18. Qxd6 Qxd6 19. Bxd6 Bxa1 20. Rxa1 Nd7 21. Rb1 Bd5 22. Ng5+ Kg7 23. Rd1 Bc6 24. Ne6+ Kf6 25. Nxc5 Nxc5 26. Bxc5 Bxa4 27. Rd2 Rc8 28. Bd4+ Ke6 29.
c3 Bc6 30. Re2+ Kd5 31. Re5+ Kc4 32. Re7 h5 33. g4 hxg4 34. hxg4 b5 35. f4 b4 36. Re3 b3 37. Re2 a5 38. f5 gxf5 39.
gxf5 a4 40. f6 Bd5 41. Re7 a3 42. Ra7 b2 0-1

[Event "Late-Titled-Tuesday-Blitz-February-27-2024"]
[Site "Chess.com"]
[Date "2024.02.27"]
[Round "11"]
[White "AryanTari"]
[Black "Kosak12"]
[Result "1-0"]
[WhiteElo "2935"]
[BlackElo "2804"]
[TimeControl "180+1"]
[EndTime "16:05:00 PST"]
[Termination "AryanTari won on time"]

1. e4 c5 2. Nf3 d6 3. Nc3 Nf6 4. e5 dxe5 5. Nxe5 a6 6. g3 Qd6 7. Nf3 Nc6 8. d3 g6 9. Bg2 Bg7 10. O-O O-O 11. Bf4 Qd8 12. Ne5 Nd4 13. Nc4 Bg4 14. f3 Be6 15. Ne4 Nxe4 16. fxe4 Bxc4 17.
dxc4 Qb6 18. c3 Ne6 19. Bc1 Rad8 20. Qe2 Qd6 21. e5 Bxe5 22. Bxb7 Bg7 23. Bg2 h5 24. Be3 Qd3 25. Qxd3 Rxd3 26. Kf2 Rb8 27. Rab1 Rd6 28. Ke2 Be5 29. Bd5 Kg7 30. b4 Bxc3 31. bxc5 Rdd8 32. c6 Be5 33. Bxe6 fxe6 34. Rb7 Bd6 35. c5 1-0

[Event "Late-Titled-Tuesday-Blitz-February-27-2024"]
[Site "Chess.com"]
[Date "2024.02.27"]
[Round "11"]
[White "Journey_to_GrandMaster_YT"]
[Black "NateSolon"]
[Result "0-1"]
[WhiteElo "2516"]
[BlackElo "2685"]
[TimeControl "180+1"]
[EndTime "16:05:00 PST"]
[Termination "NateSolon won by checkmate"]

1. d4 d5 2. c4 c6 3. Nf3 Nf6 4. e3 e6 5. Nc3 a6 6. Bd3 dxc4 7. Bxc4 b5 8. Be2 c5 9. a4 b4 10. Nb1 Bb7 11. O-O Nbd7 12. Nbd2 Be7 13. Nc4 O-O 14. b3 Ne4 15. Bb2 Bf6 16. Rc1 Qe7 17. Qc2 Rac8 18. Bd3 Nd6 19. Bxh7+ Kh8 20. Bd3 cxd4 21. Nxd4 Ne5 22. Qe2 Nxd3 23. Qxd3 Ne4 24. Nb6 Rxc1 25. Rxc1 Rd8 26. Qc2 Be5 27. Nf3 Bxb2 28. Qxb2 Nc3 29. Nc4 Bxf3 30. gxf3 Qg5+ 31. Kh1 Qh5 32. Kg2 Qg6+ 33.
Kh1 Qh5 34. Nd2 Rxd2 35. Qxd2 Qxf3+ 36. Kg1 Ne2+ 37. Kf1 Nxc1 38. Qd8+ Kh7 39. Qh4+ Kg6 40. Qxb4 Qh1# 0-1

[Event "Late-Titled-Tuesday-Blitz-February-27-2024"]
[Site "Chess.com"]
[Date "2024.02.27"]
[Round "11"]
[White "jcmesafischer"]
[Black "FernandoArauzAlonso"]
[Result "1-0"]
[WhiteElo "2372"]
[BlackElo "2534"]
[TimeControl "180+1"]
[EndTime "16:05:00 PST"]
[Termination "jcmesafischer won by resignation"]

1. e4 c5 2. Nc3 e6 3. g3 d5 4. exd5 exd5 5. Bg2 d4 6. Qe2+ Qe7 7. Nb5 Qxe2+ 8.
Nxe2 Na6 9. d3 Bd7 10. Bxb7 Rb8 11. Bxa6 Bxb5 12. Bxb5+ Rxb5 13. a4 Rb7 14. b3 Nf6 15. Bd2 Bd6 16. Kf1 O-O 17. f3 Re8 18. Kf2 Nd5 19.
Rhe1 Rbe7 20. Ng1 f5 21. Rxe7 Rxe7 22. Re1 Rxe1 23. Kxe1 f4 24. g4 g5 25. Nh3 h6 26.
Nf2 Nf6 27. Ne4 Nxe4 28. dxe4 Kf7 29. Ke2 Ke6 30. Kd3 Kd7 31. Kc4 Kc6 32. Bc1 a5 33. Bd2 Bc7 34. c3 Be5 35. cxd4 Bxd4 36.
Bxa5 Bg7 37. Bc3 Bf8 38. Bf6 Bd6 39. Bg7 h5 40. h3 hxg4 41. hxg4 Be7 42. e5 Kd7 43. Bf6 1-0

[Event "Late-Titled-Tuesday-Blitz-February-27-2024"]
[Site "Chess.com"]
[Date "2024.02.27"]
[Round "11"]
[White "kripri"]
[Black "PattyCastillo"]
[Result "0-1"]
[WhiteElo "2338"]
[BlackElo "2025"]
[TimeControl "180+1"]
[EndTime "16:05:00 PST"]
[Termination "PattyCastillo won by resignation"]

1. e4 c5 2. Nf3 d6 3. d4 cxd4 4. Nxd4 Nf6 5. Nc3 a6 6. Be3 e5 7.
Nf3 Be7 8. Bc4 Nbd7 9. O-O b5 10. Bd5 Nxd5 11. Qxd5 Rb8 12. a3 Bb7 13. Qd2 Nf6 14. Qd3 O-O 15. Bg5 Qc7 16. Bxf6 Bxf6 17. Rfd1 Rbd8 18.
Nd2 Rd7 19. Nf1 Rfd8 20. Ne3 Qc5 21. Ncd5 Bg5 22. b4 Qa7 23. c4 Bxe3 24. Nxe3 bxc4 25. Nxc4 d5 26. Nxe5 dxe4 27. Qxd7 Rxd7 28. Rxd7 h6 29. Nxf7 e3 30. Nd6 exf2+ 31. Kf1 Bxg2+ 32. Kxg2 Qxd7 33. Ne4 Qf5 34. Ng3 Qd5+ 35. Kf1 Qf3 36. Ra2 g6 37. Rxf2 Qxa3 38. Rf4 Qc1+ 0-1

[Event "Late-Titled-Tuesday-Blitz-February-27-2024"]
[Site "Chess.com"]
[Date "2024.02.27"]
[Round "11"]
[White "ArtemDyachuk"]
[Black "Msb2"]
[Result "0-1"]
[WhiteElo "2737"]
[BlackElo "3035"]
[TimeControl "180+1"]
[EndTime "16:05:01 PST"]
[Termination "Msb2 won by resignation"]

1. d4 d5 2. c4 e6 3. Nf3 Nf6 4. g3 Nc6 5. Bg2 Bd6 6. O-O O-O 7. b3 dxc4 8. bxc4 e5 9. d5 Na5 10.
Nfd2 c6 11. Bb2 cxd5 12. cxd5 Bf5 13. Nc3 Rc8 14. Rc1 Qb6 15. Ba1 Ba3 16. Na4 Rxc1 17. Nxb6 Rxd1 18. Rxd1 axb6 19. Bxe5 Bc2 20. Re1 Nd7 21.
Bd4 Rc8 22. Bh3 Ba4 23. Nf3 Rc1 24. Rxc1 Bxc1 25. Bxd7 Bxd7 26. Ne5 Bb5 27. d6 Bg5 28. Bxb6 Nc6 29. Nf3 Bd8 30. Bxd8 Nxd8 31. Nd4 Bc4 32. a3 Kf8 33. e4 f6 34. f4 Nf7 35. d7 g6 36. e5 fxe5 37. fxe5 Ke7 38. e6 Bxe6 39.
a4 Bxd7 40. a5 Ne5 41. Nb3 Nc4 42. a6 bxa6 0-1

[Event "Late-Titled-Tuesday-Blitz-February-27-2024"]
[Site "Chess.com"]
[Date "2024.02.27"]
[Round "11"]
[White "N_Mullodzhanov"]
[Black "Ar4uha"]
[Result "1-0"]
[WhiteElo "2484"]
[BlackElo "2591"]
[TimeControl "180+1"]
[EndTime "16:05:06 PST"]
[Termination "N_Mullodzhanov won on time"]

1. e4 d5 2. Nc3 Nf6 3. e5 d4 4. exf6 dxc3 5. fxg7 cxd2+ 6. Qxd2 Qxd2+ 7. Bxd2 Bxg7 8.
O-O-O Nc6 9. Bb5 Bd7 10. Nf3 O-O-O 11. Rhe1 e6 12. Be3 a6 13. Ba4 Nb4 14. Bxd7+ Rxd7 15. c3 Nd3+ 16. Kc2 Nxe1+ 17. Rxe1 e5 18. h4 f5 19. Ng5 h6 20. Ne6 Bf6 21. f4 Bxh4 22. Rh1 Bg3 23. fxe5 Bxe5 24. Rh5 Re7 25. Nd4 Bxd4 26. Bxd4 Rg8 27. Rxh6 Rxg2+ 28. Kb3 b6 29. Rf6 Ree2 30. c4 Rg3+ 31. Bc3 Rf3 32. a4 a5 33. c5 bxc5 34. Ra6 Kb7 35. Rxa5 Kb6 36. Rb5+ Kc6 37. Rb8 f4 38. Rf8 Re1 39.
a5 Ra1 40. Kc4 Ra4+ 41. b4 Rxc3+ 42. Kxc3 cxb4+ 43. Kb3 Rxa5 44. Kxb4 Rb5+ 45. Kc4 Ra5 46. Kb4 Rb5+ 47. Kc4 Rc5+ 48. Kd4 Rd5+ 49. Ke4 Rd1 50.
Rxf4 Kc5 51. Rf5+ Kc4 52. Ke3 c5 53. Rf8 1-0

[Event "Late-Titled-Tuesday-Blitz-February-27-2024"]
[Site "Chess.com"]
[Date "2024.02.27"]
[Round "11"]
[White "Joachim100x"]
[Black "djano"]
[Result "1-0"]
[WhiteElo "2492"]
[BlackElo "2552"]
[TimeControl "180+1"]
[EndTime "16:05:07 PST"]
[Termination "Joachim100x won by resignation"]

1. Nc3 c5 2. e4 Nc6 3. Nge2 g6 4. d4 cxd4 5. Nxd4 Bg7 6. Be3 Nf6 7. Bc4 O-O 8. Bb3 Re8 9. O-O d6 10. h3 Na5 11.
Re1 b6 12. Qd2 Bb7 13. f3 Rc8 14. Rad1 Nc4 15. Bxc4 Rxc4 16. Qd3 Qc8 17. Qd2 a6 18.
Nb3 Nd7 19. Bd4 Nf6 20. Bxb6 Nh5 21. Bd4 e5 22. Be3 Nf4 23. Kh2 Qc7 24. Qxd6 Rxc3 25.
bxc3 Qxc3 26. Qb6 Qc8 27. Nc5 Ba8 28. Qxa6 Qc7 29. Qd6 Qa5 30. Qd7 Rb8 31. Nb3 Qxa2 32. Qc7 Rf8 33. Rd8 Ne6 34. Rxf8+ Bxf8 35. Qc8 Kg7 36.
Nc5 Qxc2 37. Nxe6+ fxe6 38. Qxc2 1-0

[Event "Late-Titled-Tuesday-Blitz-February-27-2024"]
[Site "Chess.com"]
[Date "2024.02.27"]
[Round "11"]
[White "HajiyevKanan"]
[Black "karinachess1"]
[Result "1/2-1/2"]
[WhiteElo "2486"]
[BlackElo "2589"]
[TimeControl "180+1"]
[EndTime "16:05:08 PST"]
[Termination "Game drawn by repetition"]

1. d4 Nf6 2. Nf3 g6 3. g3 Bg7 4. Bg2 O-O 5. O-O d6 6. b3 c5 7. Bb2 cxd4 8. Nxd4 d5 9. e3 Nc6 10. c4 dxc4 11. Nxc6 bxc6 12. Qxd8 Rxd8 13. Bxc6 Rb8 14. Be5 Rb6 15. Ba4 cxb3 16. Bxb3 Ne4 17. Bc7 Rd7 18. Bxb6 axb6 19. Na3 Bxa1 20. Rxa1 Rd2 21.
Rd1 Rxd1+ 22. Bxd1 Be6 23. Bb3 Bxb3 24. axb3 Kg7 25.
Nc4 b5 26. Na3 Nc5 27. Nxb5 Nxb3 28. Kg2 h5 29. h4 Nc5 30. Nd4 e6 31. Kf3 Kf6 32. Nc6 Nd7 33. Ke4 Nc5+ 34. Kd4 Nb7 35. Ke4 Nd6+ 36. Kf4 Kg7 37. Ke5 Nc4+ 38. Kf4 f6 39.
Ke4 Nd6+ 40. Kd4 Nf7 41. Kc5 f5 42. Nd4 Kf6 43. f4 e5 44. Nc6 e4 45. Kd5 Nh6 46. Ne5 Ng8 47. Nd7+ Ke7 48. Ne5 Kf6 49. Nd7+ Ke7 50.
Ne5 Kf6 1/2-1/2

[Event "Late-Titled-Tuesday-Blitz-February-27-2024"]
[Site "Chess.com"]
[Date "2024.02.27"]
[Round "11"]
[White "Maikrosoft63"]
[Black "noblerone"]
[Result "1-0"]
[WhiteElo "2621"]
[BlackElo "2474"]
[TimeControl "180+1"]
[EndTime "16:05:12 PST"]
[Termination "Maikrosoft63 won on time"]

1. e4 c5 2. Nf3 e6 3. b3 b6 4. Bb2 Bb7 5. Nc3 Nc6 6. Qe2 d6 7.
O-O-O Nge7 8. d4 cxd4 9. Nxd4 Nxd4 10. Rxd4 Nc6 11. Rd1 Be7 12. Kb1 O-O 13. f4 Rc8 14. g4 Nb4 15. Bg2 Qc7 16. g5 a6 17. h4 b5 18. Rd2 Rfd8 19. g6 hxg6 20. h5 g5 21. h6 Bf6 22. hxg7 Bxg7 23. Qh5 Bxc3 24. Qxg5+ Kf8 25. e5 Ke8 26. Rh8+ Kd7 27. Rxd6+ Qxd6 28. Rxd8+ Rxd8 29. exd6 Bxb2 30. Qe7+ 1-0

[Event "Late-Titled-Tuesday-Blitz-February-27-2024"]
[Site "Chess.com"]
[Date "2024.02.27"]
[Round "11"]
[White "KorolDimitriy75"]
[Black "CURRUTACO59"]
[Result "1-0"]
[WhiteElo "2427"]
[BlackElo "2229"]
[TimeControl "180+1"]
[EndTime "16:05:13 PST"]
[Termination "KorolDimitriy75 won on time"]

1. d4 Nf6 2. c4 e6 3. Nc3 Bb4 4.
Qc2 d6 5. e4 Bxc3+ 6. bxc3 e5 7. Bd3 c5 8. Ne2 Nc6 9. d5 Na5 10. O-O b6 11. f4 Nd7 12. Ng3 O-O 13. Nf5 Qc7 14. Qf2 Ba6 15. Qg3 g6 16. Nh6+ Kh8 17.
f5 Bxc4 18. Bxc4 Nxc4 19. Qh4 Qd8 20. f6 1-0

[Event "Late-Titled-Tuesday-Blitz-February-27-2024"]
[Site "Chess.com"]
[Date "2024.02.27"]
[Round "11"]
[White "Zhigalko_Sergei"]
[Black "TomsKantans"]
[Result "0-1"]
[WhiteElo "2892"]
[BlackElo "2709"]
[TimeControl "180+1"]
[EndTime "16:05:20 PST"]
[Termination "TomsKantans won on time"]

1. e4 c5 2. Nf3 Nf6 3. e5 Nd5 4.
c3 Nc6 5. Bc4 Nb6 6. Bb3 c4 7.
Bc2 Qc7 8. Qe2 g5 9. h3 Bg7 10. O-O Nxe5 11. Nxg5 d5 12. a4 h6 13. Nf3 Be6 14.
a5 Nbd7 15. a6 b5 16. d4 cxd3 17. Bxd3 Nxd3 18. Qxd3 O-O 19. Na3 Nc5 20. Nxb5 Qb6 21. Qe2 Nxa6 22. Be3 Qb7 23. Bd4 Bd7 24. Bxg7 Bxb5 0-1

[Event "Late-Titled-Tuesday-Blitz-February-27-2024"]
[Site "Chess.com"]
[Date "2024.02.27"]
[Round "11"]
[White "rasmussvane"]
[Black "LiemLe"]
[Result "0-1"]
[WhiteElo "2935"]
[BlackElo "3060"]
[TimeControl "180+1"]
[EndTime "16:05:22 PST"]
[Termination "LiemLe won by resignation"]

1. Nf3 d5 2. g3 Nf6 3. Bg2 c6 4. O-O Bf5 5. c4 e6 6. Qb3 Qb6 7. d3 dxc4 8. Qxc4 Be7 9. Nc3 O-O 10. Be3 Qa6 11. Qb3 Nbd7 12. a3 Nd5 13. Bd2 Bg6 14. Rfc1 Rfd8 15. Qc2 Rac8 16. b4 c5 17. b5 Qd6 18.
Qb3 Bf6 19. Ne1 N7b6 20. Nxd5 exd5 21. Bc3 c4 22. dxc4 dxc4 23. Qb4 Bxc3 24. Rxc3 Qe5 25. Bf3 Be4 26. Bxe4 Qxe4 27. Qb2 Na4 28. Qc2 Nxc3 29. Qxc3 Qxe2 30. Kg2 Qd2 31. Qf3 Qd5 32. Nc2 c3 33. Ne3 Qxb5 34. Rc1 Qc6 35. Rc2 Rd2 36. Rxd2 cxd2 37.
Nd5 d1=Q 38. Qxd1 Rd8 39. Kh3 Qxd5 0-1

[Event "Late-Titled-Tuesday-Blitz-February-27-2024"]
[Site "Chess.com"]
[Date "2024.02.27"]
[Round "11"]
[White "IlanSchnaider"]
[Black "Nouali_Mohamed"]
[Result "0-1"]
[WhiteElo "2689"]
[BlackElo "2546"]
[TimeControl "180+1"]
[EndTime "16:05:23 PST"]
[Termination "Nouali_Mohamed won on time"]

1. e4 c5 2. Nf3 Nc6 3. Bb5 Qc7 4. O-O e6 5. c3 a6 6. Ba4 b5 7. Bc2 Bb7 8. d4 cxd4 9. Nxd4 Nf6 10. Bg5 Nxd4 11. Qxd4 Ng4 12. g3 Ne5 13. Kg2 Bc5 14.
Qd2 f5 15. Re1 fxe4 16. Bxe4 O-O 17. Bf4 Rxf4 18. gxf4 Nc4 19. Qc2 Bxe4+ 20. Qxe4 Rf8 21.
Re2 Rxf4 22. Qd3 Ne5 23. Qg3 Rg4 24. Nd2 Rxg3+ 25. hxg3 Qc6+ 26. f3 d6 27. Rae1 g5 28. Re4 h5 29. Kh2 Qd5 30. R1e2 g4 31. f4 Nf3+ 0-1

[Event "Late-Titled-Tuesday-Blitz-February-27-2024"]
[Site "Chess.com"]
[Date "2024.02.27"]
[Round "11"]
[White "elchacal664"]
[Black "Fjal"]
[Result "0-1"]
[WhiteElo "2407"]
[BlackElo "2317"]
[TimeControl "180+1"]
[EndTime "16:05:24 PST"]
[Termination "Fjal won on time"]

1. e4 d6 2. Nc3 Nf6 3. Bc4 g6 4.
f4 Bg7 5. d3 c6 6. Bb3 d5 7. e5 Nfd7 8. Nf3 Nc5 9. d4 Nxb3 10.
axb3 O-O 11. Be3 Bg4 12. h3 Bxf3 13. Qxf3 f6 14. exf6 exf6 15. O-O f5 16. Rae1 Qb6 17.
Na4 Qa5 18. Nc5 Re8 19. Nxb7 Qb4 20. Nc5 Bxd4 21. c3 Qxc5 22. Bxd4 Qf8 23. Rxe8 Qxe8 24. Qg3 Nd7 25. Re1 Qf7 26. Qg5 Re8 27. Rxe8+ Qxe8 28. Qh6 Qe7 29. h4 c5 30. Bf2 Nf6 31. Qg5 Kf7 32. h5 c4 33. bxc4 dxc4 34. hxg6+ hxg6 35. Bd4 Qe1+ 36. Kh2 Ng4+ 37. Kh3 Qh1+ 38. Kg3 Qe1+ 39. Kh3 Qe2 40. Qh4 Qd3+ 41. Qg3 a6 42. Qxd3 cxd3 0-1

[Event "Late-Titled-Tuesday-Blitz-February-27-2024"]
[Site "Chess.com"]
[Date "2024.02.27"]
[Round "11"]
[White "Alphafischer2019"]
[Black "stollenmonster"]
[Result "1-0"]
[WhiteElo "2719"]
[BlackElo "2844"]
[TimeControl "180+1"]
[EndTime "16:05:25 PST"]
[Termination "Alphafischer2019 won on time"]

1. Nf3 Nf6 2. g3 e6 3. Bg2 d5 4. O-O Be7 5. d3 O-O 6. Nbd2 d4 7. e4 dxe3 8. fxe3 c5 9. Nc4 Nc6 10. e4 e5 11. Nh4 Ng4 12. Nf3 Nf6 13. Nh4 Ng4 14.
Nf3 f5 15. h3 Nf6 16. exf5 Bxf5 17. Nh4 Be6 18. Kh2 Qd7 19. Be3 e4 20. b3 exd3 21.
Qxd3 Qxd3 22. cxd3 Nd5 23. Bg1 Nd4 24. Bxd4 cxd4 25. Rfe1 Ne3 26. Nxe3 dxe3 27. Rxe3 Bf6 28. Rf1 Bf7 29. Nf5 Rac8 30. Ne7+ Bxe7 31. Rxe7 Rc2 32. Kg1 b6 33. Rxa7 1-0

[Event "Late-Titled-Tuesday-Blitz-February-27-2024"]
[Site "Chess.com"]
[Date "2024.02.27"]
[Round "11"]
[White "sergiochess83"]
[Black "lamomiajunior"]
[Result "1-0"]
[WhiteElo "2898"]
[BlackElo "2733"]
[TimeControl "180+1"]
[EndTime "16:05:27 PST"]
[Termination "sergiochess83 won by resignation"]

1. e4 c5 2. Nc3 d6 3. f4 g6 4. Nf3 Bg7 5. d4 cxd4 6. Nxd4 Nc6 7. Be3 Nf6 8. Be2 O-O 9. O-O Bd7 10. Nb3 Rc8 11. Kh1 a6 12. a4 Na5 13. e5 Ne8 14.
Nd5 Nc4 15. Bxc4 Rxc4 16. Bb6 Qb8 17. Nd2 Rc6 18. Nxe7+ Kh8 19. Nxc6 Bxc6 20. Nc4 dxe5 21. Nxe5 Nf6 22. Nxc6 bxc6 23. a5 Ne4 24. Qd3 f5 25.
Qxa6 c5 26. c3 Qd6 27. Qe2 Qe7 28. Rae1 Qb7 29. Qf3 c4 30. Re2 Qc6 31. Rd1 Re8 32.
Kg1 Bf6 33. h3 Be7 34. Qe3 Kg8 35. Qd4 Rb8 36. Qd5+ Qxd5 37. Rxd5 Kf7 38. Rd4 Ke6 39.
Rdxe4+ fxe4 40. Rxe4+ Kd6 41. Rxc4 Kd5 42. Rd4+ Kc6 43.
Re4 Bd6 44. Kf2 Kd5 45. Kf3 Rf8 46. g3 g5 47. b4 h5 48. Rd4+ Kc6 49. Rxd6+ Kxd6 50. Bc5+ 1-0

[Event "Late-Titled-Tuesday-Blitz-February-27-2024"]
[Site "Chess.com"]
[Date "2024.02.27"]
[Round "11"]
[White "DryCounty"]
[Black "rikchessmx"]
[Result "1-0"]
[WhiteElo "2642"]
[BlackElo "2269"]
[TimeControl "180+1"]
[EndTime "16:05:28 PST"]
[Termination "DryCounty won by checkmate"]

1. e4 e5 2. Nf3 Nc6 3. Bb5 a6 4. Ba4 Nf6 5. O-O Be7 6. Re1 b5 7. Bb3 O-O 8. d4 d6 9. c3 Bb7 10. Nbd2 Nd7 11. Nf1 Bf6 12. Ne3 exd4 13. cxd4 Re8 14.
Nd5 Na5 15. Bc2 Bxd5 16. exd5 Nb6 17. b3 Nxd5 18. Bd2 Nc6 19. Be4 Nde7 20. Qc2 d5 21.
Bxh7+ Kh8 22. Bd3 Nxd4 23. Nxd4 Bxd4 24. Rac1 c5 25. Bg5 c4 26. bxc4 bxc4 27. Qa4 f6 28. Bh4 Ng8 29. Bg6 Re5 30. Rxe5 Bxe5 31. Qd1 Nh6 32.
Bb1 Qd6 33. Qc2 f5 34. g3 Rf8 35. Rd1 g6 36. Qe2 Ng4 37. h3 Nf6 38. Bg5 Ne4 39. Be3 Rd8 40. Kg2 Bxg3 41. Bxe4 f4 42. Rxd5 Qf8 43.
Bd4+ Kh7 44. Rxd8 Qxd8 45. Qxc4 Bh4 46. Qf7+ Kh6 47. Qxg6# 1-0

[Event "Late-Titled-Tuesday-Blitz-February-27-2024"]
[Site "Chess.com"]
[Date "2024.02.27"]
[Round "11"]
[White "Polish_fighter3000"]
[Black "KuzubovYuriy"]
[Result "1-0"]
[WhiteElo "3121"]
[BlackElo "2980"]
[TimeControl "180+1"]
[EndTime "16:05:30 PST"]
[Termination "Polish_fighter3000 won by resignation"]

1. e4 e5 2. Nf3 Nf6 3. Nxe5 d6 4. Nf3 Nxe4 5. d4 d5 6. Bd3 Bd6 7. O-O O-O 8. c4 c6 9. Re1 Bf5 10. Nc3 Nxc3 11. bxc3 Bxd3 12. Qxd3 dxc4 13. Qxc4 Nd7 14. a4 Qc7 15. g3 Rae8 16. Bd2 c5 17. Qd3 c4 18. Qf5 g6 19. Qh3 Nf6 20. Qh4 Nd5 21. Bh6 Rxe1+ 22. Rxe1 Rc8 23. Ng5 Nxc3 24. Nxh7 Nd5 25.
Bg5 Bf8 26. Re5 f6 27. Nxf6+ Nxf6 28. Bxf6 Qh7 29. Qe4 c3 30. Rg5 c2 31. Qe6+ Qf7 32.
Rxg6+ Bg7 33. Rxg7+ Kh8 34. Rxf7+ Kg8 35. Rg7+ 1-0

[Event "Late-Titled-Tuesday-Blitz-February-27-2024"]
[Site "Chess.com"]
[Date "2024.02.27"]
[Round "11"]
[White "pfalcon1949"]
[Black "lluiss"]
[Result "1-0"]
[WhiteElo "1931"]
[BlackElo "2111"]
[TimeControl "180+1"]
[EndTime "16:05:30 PST"]
[Termination "pfalcon1949 won on time"]

1. e4 c5 2. Nf3 d6 3. d4 cxd4 4.
Nxd4 Nf6 5. Nc3 g6 6. Be3 Bg7 7. f3 O-O 8. Bc4 Nc6 9. Qe2 Nxd4 10. Bxd4 Be6 11. Bb3 Qa5 12. O-O-O Bxb3 13. cxb3 Rfc8 14.
Kb1 Rc6 15. g4 Rac8 16. h4 Nd7 17. Bxg7 Kxg7 18. h5 g5 19. h6+ Kh8 20. Qe3 f6 21. Nd5 e6 22. Ne7 Ra6 23. a3 Re8 24. b4 Qe5 25.
Nd5 exd5 26. Rxd5 Qf4 27. Qd4 Qxf3 28. Re1 Qg3 29. Rf1 Re5 30. Rxd6 Rxd6 31. Qxd6 Qxg4 32. Rxf6 Qxe4+ 33. Ka1 1-0

[Event "Late-Titled-Tuesday-Blitz-February-27-2024"]
[Site "Chess.com"]
[Date "2024.02.27"]
[Round "11"]
[White "KaydenTroffChess"]
[Black "BogdanDeac"]
[Result "0-1"]
[WhiteElo "2813"]
[BlackElo "2951"]
[TimeControl "180+1"]
[EndTime "16:05:31 PST"]
[Termination "BogdanDeac won by resignation"]

1. d4 d5 2. Nf3 Nf6 3. Bf4 c5 4. e3 Nc6 5. Nc3 cxd4 6. Nxd4 Bg4 7. Nxc6 bxc6 8. Qd4 e6 9. Be5 Bf5 10. Qa4 Qb6 11.
Bd3 Bxd3 12. cxd3 Nd7 13. Bd4 c5 14. Be5 Ke7 15. Bg3 Qxb2 16. O-O Qxc3 17. Rab1 Nb6 18.
Qc6 Rc8 19. Qb7+ Kf6 20. Rxb6 axb6 21. Qxc8 Qxd3 22. h4 Kg6 23. Qe8 h5 24. Re1 c4 25.
Qd8 Kh7 26. Qe8 Qf5 27. e4 dxe4 28. Rd1 Bc5 29. Qa4 b5 30. Qc2 e3 31. Qxf5+ exf5 32. fxe3 Bxe3+ 33. Bf2 Bxf2+ 34. Kxf2 Ra8 35. Rd2 c3 36.
Rc2 b4 37. Ke3 g6 38. Kd4 Rc8 39. Kd3 f6 40. g3 g5 41. Rf2 c2 42. Rxc2 Rxc2 43. Kxc2 f4 44. Kd3 fxg3 45. hxg5 g2 46. g6+ Kxg6 0-1

[Event "Late-Titled-Tuesday-Blitz-February-27-2024"]
[Site "Chess.com"]
[Date "2024.02.27"]
[Round "11"]
[White "Piotrek1979"]
[Black "TheMagician"]
[Result "0-1"]
[WhiteElo "2458"]
[BlackElo "2202"]
[TimeControl "180+1"]
[EndTime "16:05:31 PST"]
[Termination "TheMagician won on time"]

1. Nf3 d5 2. b3 c6 3. Bb2 Bf5 4. e3 h6 5. Be2 e6 6. d3 Nf6 7. O-O Be7 8. Nbd2 O-O 9. a3 a5 10. c4 Na6 11. Ne5 Bh7 12. Qc2 Nd7 13. Nxd7 Qxd7 14.
f4 Nc5 15. b4 axb4 16. axb4 Rxa1 17. Rxa1 dxc4 18. Qxc4 Nxd3 19. Bc3 b5 20. Qb3 c5 21. Nf3 c4 22. Qd1 f6 23. Qd2 Rd8 24. Nd4 e5 25. fxe5 Nxe5 26. Ra6 Bd3 27. Qd1 Bxe2 28. Qxe2 Re8 29.
Qh5 Bf8 30. Qf5 Qxf5 31. Nxf5 Ng4 32. Rb6 Nxe3 33. Nxe3 Rxe3 34. Bd4 Rd3 35. Bc5 c3 36. Rb8 c2 37. Rxf8+ Kh7 0-1

[Event "Late-Titled-Tuesday-Blitz-February-27-2024"]
[Site "Chess.com"]
[Date "2024.02.27"]
[Round "11"]
[White "Evgeny81"]
[Black "aghasiyevkamal"]
[Result "1/2-1/2"]
[WhiteElo "2761"]
[BlackElo "2631"]
[TimeControl "180+1"]
[EndTime "16:05:32 PST"]
[Termination "Game drawn - insufficient material"]

1. Nf3 d5 2. c4 e6 3. g3 Nf6 4.
Bg2 Be7 5. O-O O-O 6. d4 dxc4 7.
Ne5 c5 8. dxc5 Bxc5 9. Qxd8 Rxd8 10. Nxc4 Nc6 11. Nc3 Bd7 12. Bf4 Be8 13. Rfd1 h6 14.
Bd6 Bxd6 15. Nxd6 Rab8 16. a3 Kf8 17. Rac1 Ke7 18. Nxe8 Rxd1+ 19. Nxd1 Rxe8 20. Bxc6 Rc8 21. Kf1 Rxc6 22. Rxc6 bxc6 23. e3 g5 24. Ke2 g4 25.
Kd3 Kd6 26. b4 Nd7 27. Nb2 Ne5+ 28. Ke4 f5+ 29. Kd4 Nf3+ 30. Kd3 Nxh2 31. Nc4+ Kd5 32. a4 Nf3 33. Na5 Ng5 34. b5 cxb5 35. axb5 Nf7 36. Kc3 Kc5 37. Nc6 a6 38. Nd4 axb5 39. Nxe6+ Kd5 40.
Nd4 Ke4 41. Nxb5 Kf3 42. Nd4+ Kxf2 43. Nxf5 Kf3 44. Kd4 Ng5 45. Nxh6 Kxg3 46. Nxg4 Kxg4 47. e4 Nxe4 1/2-1/2